 Dungeon Crawl Stone Soup version 0.29.1-1-gd02db6906a (webtiles) character file.

Game seed: 6735154638976423065

593854 sizableburger the Swordmaster (level 27, -3/273 HPs)
             Began as a Hill Orc Abyssal Knight on Sept 25, 2022.
             Was an Elder of Lugonu.
             Slain by Homunwaevi the pandemonium lord (17 damage)
             ... on level 13 of the Dungeon on Sept 27, 2022.
             The game lasted 04:19:52 (94956 turns).

sizableburger the Swordmaster (HOAK)               Turns: 94956, Time: 04:19:53

Health: -3/273     AC: 60    Str: 24    XL:     27
Magic:  42/42      EV: 18    Int: 14    God:    Lugonu [****..]
Gold:   354        SH:  0    Dex: 19    Spells: 41/42 levels left

rFire   + + .      SeeInvis +   x - +11 plutonium sword {Contam Stlth-}
rCold   + + +      Faith    +   (shield currently unavailable)
rNeg    + . .      Spirit   .   y - +14 crystal plate armour "Miho" {rN+ Will+ Str+4 Int+4}
rPois   .          Reflect  .   H - +2 helmet of the Catfish {Contam rF++ rC+++ Regen+}
rElec   .          Harm     .   g - +2 cloak
rCorr   .          Rampage  .   R - +3 pair of gauntlets of War {Slay+5}
Will    +++..                   G - +2 pair of boots
Stlth   ..........              L - amulet of faith
HPRegen 0.00/turn               f - +4 ring of evasion
MPRegen 0.28/turn               T - ring of see invisible

@: confused, ambrosia-drunk, inhibited regen, studying 5 skills
A: high MP 1, inhibited regeneration, weak 1, MP-powered wands, noise
suppression
0: Orb of Zot
}: 4/15 runes: decaying, serpentine, silver, abyssal
a: Renounce Religion, Depart the Abyss, Bend Space, Banish, Corrupt


You were on level 13 of the Dungeon.
You worshipped Lugonu.
Lugonu was greatly pleased with you.
You visited 10 branches of the dungeon, and saw 48 of its levels.
You visited the Abyss 4 times.
You visited 1 bazaar.
You also visited: Bailey and Ice Cave.

You collected 6917 gold pieces.
You spent 6563 gold pieces at shops.

Inventory:

Hand Weapons
 x - the +11 plutonium sword (weapon) {Contam Stlth-}
   (You found it in a bailey)

   It occasionally inflicts wild transmutation effects on those it strikes,
   inflicting malmutation or extra damage, or polymorphing them into a new form.
   Contam:    It causes magical contamination when unequipped.
   Stlth:     It makes you less stealthy.
 U - a +6 triple sword of flaming
Missiles
 l - 7 silver javelins (quivered)
 m - 12 curare-tipped darts
 o - 6 throwing nets
Armour
 g - a +2 cloak (worn)
 y - the +14 crystal plate armour "Miho" (worn) {rN+ Will+ Str+4 Int+4}
   (You acquired it on level 4 of the Snake Pit)

   Str:       It affects your strength (+4).
   Int:       It affects your intelligence (+4).
   rN:        It protects you from negative energy.
   Will:      It increases your willpower.
 G - a +2 pair of boots (worn)
 H - the +2 helmet of the Catfish (worn) {Contam rF++ rC+++ Regen+}
   (You found it on level 3 of the Elven Halls)

   rF:        It greatly protects you from fire.
   rC:        It renders you almost immune to cold.
   Contam:    It causes magical contamination when unequipped.
   Regen:     It increases your rate of health regeneration.
 R - the +3 pair of gauntlets of War (worn) {Slay+5}
   (You bought it in a shop on level 4 of the Vaults)

   Slay:      It affects your accuracy & damage with ranged weapons and melee
   (+5).
Jewellery
 f - a +4 ring of evasion (left hand)
 t - a ring of poison resistance
 z - a ring of flight
 B - a ring of resist corrosion
 C - a ring of protection from fire
 K - a ring of willpower
 L - an amulet of faith (around neck)
 N - a +6 ring of dexterity
 T - a ring of see invisible (right hand)
 W - the ring of Panentheism {rN+++ AC+4 Int-3}
   (You found it on level 1 of the Swamp)

   [ring of protection]

   AC:        It affects your AC (+4).
   Int:       It affects your intelligence (-3).
   rN:        It renders you almost immune to negative energy.
 X - a ring of willpower
Wands
 e - a wand of mindburst (17)
 h - a wand of polymorph (7)
 r - a wand of flame (43)
 D - a wand of paralysis (44)
 F - a wand of quicksilver (24)
 J - a wand of iceblast (17)
Scrolls
 d - 6 scrolls of poison
 u - 9 scrolls of fear
 v - 7 scrolls of butterflies
 E - a scroll of brand weapon
 M - 3 scrolls of silence
 Y - a scroll of amnesia
 Z - 2 scrolls of summoning
Potions
 a - 3 potions of might
 i - 8 potions of attraction
 j - 15 potions of brilliance
 p - a potion of haste
 q - 3 potions of resistance
 w - a potion of magic
 A - 2 potions of flight
 I - a potion of ambrosia
 S - 3 potions of invisibility
Miscellaneous
 c - a phantom mirror (inert)
 P - a box of beasts


   Skills:
 O Level 27 Fighting
 O Level 27 Long Blades
 - Level 8.2 Throwing
 - Level 24.0 Armour
 - Level 14.8 Dodging
 + Level 8.2 Spellcasting
 + Level 9.0 Translocations
 - Level 24.0 Invocations
 - Level 8.6 Evocations


You had 41 spell levels left.
You knew the following spells:

 Your Spells              Type           Power      Damage    Failure   Level
a - Apportation           Tloc           62%        N/A       3%          1

Your spell library contained the following spells:

 Spells                   Type           Power      Damage    Failure   Level
 Blink                    Tloc           62%        N/A       4%          2
 Manifold Assault         Tloc           31%        N/A       65%         5
 Foxfire                  Conj/Fire      20%        2x1d5     80%         1
 Freeze                   Ice            20%        1d4       80%         1
 Necrotise                Necr           20%        1d5       80%         1
 Sandblast                Erth           10%        2d5       80%         1
 Slow                     Hex            20%        N/A       80%         1
 Summon Small Mammal      Summ           20%        N/A       80%         1
 Ensorcelled Hibernation  Hex/Ice        10%        N/A       90%         2
 Passwall                 Tmut/Erth      4%         N/A       90%         2
 Iskenderun's Mystic Bla  Conj/Tloc      18%        2d6       90%         4
 Call Canine Familiar     Summ           5%         N/A       99%         3
 Confusing Touch          Hex            5%         N/A       99%         3
 Conjure Flame            Conj/Fire      5%         6-21      99%         3
 Dazzling Flash           Conj/Hex       10%        N/A       99%         3
 Frozen Ramparts          Ice            10%        1d2       99%         3
 Ignite Poison            Fire/Tmut/Pois 5%         N/A       99%         3
 Inner Flame              Hex/Fire       5%         N/A       99%         3
 Ozocubu's Armour         Ice            5%         N/A       99%         3
 Spider Form              Tmut/Pois      5%         N/A       99%         3
 Stone Arrow              Conj/Erth      10%        3d7       99%         3
 Summon Guardian Golem    Hex/Summ       5%         N/A       99%         3
 Vampiric Draining        Necr           5%         2d6       99%         3
 Summon Forest            Summ/Tloc      9%         N/A       99%         5
 Dispersal                Tloc           15%        N/A       99%         6
 Airstrike                Air            2%         2d(1-17)  100%        4
 Anguish                  Hex/Necr       2%         N/A       100%        4
 Animate Armour           Summ/Erth      10%        N/A       100%        4
 Animate Dead             Necr           5%         N/A       100%        4
 Cause Fear               Hex            2%         N/A       100%        4
 Corpse Rot               Necr/Pois/Air  5%         N/A       100%        4
 Dispel Undead            Necr           5%         3d7       100%        4
 Flame Wave               Conj/Fire      5%         2d5       100%        4
 Fulminant Prism          Conj/Hex       2%         3d6       100%        4
 Hailstorm                Conj/Ice       5%         3d4       100%        4
 Ice Form                 Ice/Tmut       5%         N/A       100%        4
 Leda's Liquefaction      Hex/Erth       2%         N/A       100%        4
 Olgreb's Toxic Radiance  Pois           5%         N/A       100%        4
 Sticky Flame             Conj/Fire      5%         2d3       100%        4
 Summon Lightning Spire   Summ/Air       5%         N/A       100%        4
 Agony                    Necr           5%         N/A       100%        5
 Alistair's Intoxication  Tmut/Pois      3%         N/A       100%        5
 Blade Hands              Tmut           2%         N/A       100%        5
 Borgnjor's Vile Clutch   Necr/Erth      2%         N/A       100%        5
 Fireball                 Conj/Fire      2%         3d4       100%        5
 Freezing Cloud           Conj/Ice/Air   2%         6-21      100%        5
 Irradiate                Conj/Tmut      2%         3d12      100%        5
 Iskenderun's Battlesphe  Conj           5%         2d6       100%        5
 Lee's Rapid Deconstruct  Erth           2%         3d6*      100%        5
 Lightning Bolt           Conj/Air       2%         1d14      100%        5
 Silence                  Hex/Air        2%         N/A       100%        5
 Yara's Violent Unravell  Hex/Tmut       2%         3d3       100%        5
 Conjure Ball Lightning   Conj/Air       2%         3x3d6     100%        6
 Death Channel            Necr           2%         N/A       100%        6
 Eringya's Noxious Bog    Tmut/Pois      2%         N/A       100%        6
 Iron Shot                Conj/Erth      2%         9d2       100%        6
 Simulacrum               Ice/Necr       2%         N/A       100%        6
 Statue Form              Tmut/Erth      3%         N/A       100%        6
 Dragon Form              Tmut           2%         N/A       100%        7
 Haunt                    Necr/Summ      2%         N/A       100%        7
 Orb of Destruction       Conj           2%         9d5       100%        7
 Ozocubu's Refrigeration  Ice            2%         4d8       100%        7
 Spellforged Servitor     Conj/Summ      2%         N/A       100%        7
 Storm Form               Tmut/Air       2%         N/A       100%        7
 Summon Hydra             Summ           2%         N/A       100%        7
 Discord                  Hex            2%         N/A       100%        8
 Disjunction              Tloc           15%        N/A       100%        8
 Infestation              Necr           2%         N/A       100%        8
 Lehudib's Crystal Spear  Conj/Erth      2%         10d2      100%        8
 Dragon's Call            Summ           2%         N/A       100%        9
 Polar Vortex             Ice            2%         N/A       100%        9


Dungeon Overview and Level Annotations

Branches:
Dungeon (15/15)            Temple (1/1) D:7            Lair (5/5) D:9
  Swamp (4/4) Lair:3        Snake (4/4) Lair:2        Slime (0/5) Lair:5
    Orc (2/2) D:11            Elf (3/3) Orc:2        Vaults (5/5) D:13
  Crypt (0/3) Vaults:2     Depths (4/4) D:15            Zot (5/5) Depths:4
 Bailey (visited)           IceCv (visited)

Altars:
Ashenzari
Cheibriados
Dithmenos
Fedhas
Hepliaklqana
Kikubaaqudgha
Makhleb
Nemelex Xobeh
Okawaru
Qazlal
Ru
Sif Muna
Trog
Uskayaw
Vehumet
Xom
Yredelemnul
Zin
The Shining One
Beogh
Jiyva

Shops:
D:1 =   D:3 :   D:7 (   D:11 [(   D:15 :   Orc:2 ([*=   Elf:1 ![   Elf:2 =::
Snake:2 [   Snake:4 !   Vaults:1 !:![   Vaults:2 ?[   Vaults:4 [   Depths:1 *

Portals:
Hell: Depths:1 Depths:2 Depths:4
Abyss: Depths:1 Depths:3 Depths:4
Pandemonium: Depths:2 Depths:3

Annotations:
D:6 1 runed translucent door, Crazy Yiuf
Snake:1 5 transporters
Elf:3 corrupted
Vaults:2 1 transporter, corrupted
Vaults:5 corrupted
Zot:5 corrupted


Innate Abilities, Weirdness & Mutations

You have an increased reservoir of magic. (+10% MP)
You do not regenerate when monsters are visible.
You are weak. (Str -2)
You expend magic power (3 MP) to strengthen your wands.
You passively dampen the noise of your surroundings.


Message History

Wisps of shadow whirl around you... Homunwaevi closely misses you.
Homunwaevi pecks you!
* * * LOW HITPOINT WARNING * * *
You swap places.
Homunwaevi pecks your gargoyle!!
Your gargoyle is destroyed!
Your gargoyle dissolves into shadows!
Your troll bites Homunwaevi.
Your troll claws Homunwaevi!
Your troll claws Homunwaevi but does no damage.
Your death knight hits Homunwaevi from afar with a +0 glaive!!
Okay, then.
Press: ? - help, v - describe, . - travel
Here: Homunwaevi, armed with a chaotic touch (lightly wounded, ally target)
The floor.
Unknown command.
Okay, then.
You are confused.
You feel invigorated.
Homunwaevi pecks you but does no damage.
Your troll bites Homunwaevi but does no damage.
Your troll claws Homunwaevi but does no damage.
Your troll claws Homunwaevi.
Your death knight hits Homunwaevi from afar with a +0 glaive!
You feel better.
You feel less invigorated. Homunwaevi pecks you!
* * * LOW HITPOINT WARNING * * *
Homunwaevi burns you.
* * * LOW HITPOINT WARNING * * *
Homunwaevi pecks you but does no damage.
Your death knight hits Homunwaevi from afar with a +0 glaive!
Your troll bites Homunwaevi but does no damage.
Your troll claws Homunwaevi but does no damage. x2
Your troll bites Homunwaevi but does no damage.
Your troll claws Homunwaevi but does no damage.
Your troll claws Homunwaevi!
Okay, then.
Okay, then.
You are confused.
You feel invigorated. Homunwaevi pecks you.
* * * LOW HITPOINT WARNING * * *
You are electrocuted!
You die...

#..#.....#..#.....##.#
#..#.....#..#..(..##.#
#..####''#..#''#####.#
#....................#
#....................#
#.#####''#..#''#######
#()#..T..#..#.....#
##)#..&..#..#.....#
#†#p@T..#..#.....# #
#.#.....#..#.....# #
#.#∩....#..#.....# #
#.#######..##########
#.# #...##........ #.#
#...##.#######
##.######.####.#######
##.#.#...(..#
#.##.....
#.###.......#
#.##.....


You could see Homunwaevi (ally target), a friendly death knight (summoned) and 2
friendly trolls.

Vanquished Creatures
  An ancient lich (Vaults:4)
  2 orbs of fire
  A dread lich (Vaults:4)
  Mara (Snake:4)
  A juggernaut (Depths:2)
  Vv (Depths:4)
  Frederick (Vaults:3)
  8 Killer Klowns (Zot:5)
  A caustic shrike (Depths:2)
  Vashnia (Snake:3)
  2 curse toes
  Saint Roka (Snake:4)
  The ghost of Leon the Tortoise, an adept MiFi of Ru (Depths:1)
  A profane servitor (Abyss:2)
  14 golden dragons
  4 bone dragons
  A Tzitzimitl (Zot:1)
  2 electric golems
  6 tentacled monstrosities
  Rupert (Depths:1)
  A Hell Sentinel (Abyss:2)
  Zenata (Vaults:1)
  4 liches
  2 Ice Fiends
  13 Orb Guardians
  2 deep elf blademasters (Elf:3)
  10 quicksilver dragons
  An Executioner (Abyss:3)
  An acid blob (Zot:1)
  3 titans (Vaults:5)
  5 death cobs
  7 sphinxes
  14 tentacled starspawn
  Agnes (Orc:2)
  7 shadow dragons
  4 tengu reavers
  4 thorn hunters
  7 storm dragons
  3 nagarajas (Snake:4)
  An azure jelly (shapeshifter) (Vaults:4)
  5 fire giants
  4 draconian monks
  4 draconian knights
  4 balrugs
  2 fenstrider witches
  An orc warlord (Vaults:2)
  4 iron dragons
  An emperor scorpion (Vaults:3)
  3 draconian scorchers
  4 deep elf sorcerers
  4 spectral caustic shrikes (Depths:2)
  A cacodemon (Abyss:3)
  10 frost giants
  A caustic shrike zombie (Depths:2)
  17 vault wardens
  Louise (Abyss:1)
  2 angels
  2 draconian stormcallers (Zot:1)
  3 draconian shifters
  3 ghost moths
  A quicksilver ooze (Swamp:4)
  14 ironbound preservers
  A reaper (Depths:4)
  2 draconian annihilators (Zot:3)
  10 green draconians
  2 ophanim (Abyss:3)
  15 stone giants
  56 very ugly things
  4 ironbound thunderhulks
  4 vampire knights
  2 war gargoyles (Vaults:3)
  4 eleionomae
  6 red draconians
  A dire elephant (shapeshifter) (Depths:1)
  3 purple draconians
  11 black draconians
  4 deep elf annihilators (Elf:3)
  4 bunyips
  An entropy weaver (Vaults:3)
  5 deep elf demonologists
  10 yellow draconians
  6 dire elephants (Vaults:1)
  5 spark wasps
  10 white draconians
  The ghost of Rudyous the Fighter, a journeyman MiFi of Gozag (D:12)
  An eidolon (Abyss:2)
  A blizzard demon (Abyss:2)
  2 crystal guardians (Vaults:4)
  2 green deaths
  9 ettins
  6 deep elf high priests
  6 great orbs of eyes
  2 spriggan zombies (Abyss:2)
  Josephine (Snake:1)
  3 fire dragons
  Fannar (Lair:1)
  3 peacekeepers
  23 yaktaur captains
  A shambling mangrove (Swamp:3)
  A ghost crab (Swamp:4)
  A rakshasa (Depths:1)
  4 ice dragons
  7 boulder beetles
  3 salamander tyrants (Snake:4)
  8 anacondas
  29 vault guards
  Erica (D:10)
  12 hydras
  7 ironbound frosthearts
  6 ogre magi
  A catoblepas (D:14)
  A jorogumo (shapeshifter) (Vaults:2)
  6 alligators
  A caustic shrike simulacrum (Abyss:2)
  A merfolk avatar (Lair:5)
  5 centaur warriors
  A death knight (Abyss:2)
  22 two-headed ogres
  7 naga warriors
  7 deep troll shamans
  5 tengu warriors
  23 dancing weapons
  2 vampire magi
  12 deep troll earth magi
  6 death yaks
  5 orc high priests
  5 spriggan berserkers
  2 titan zombies
  Urug (D:13)
  10 shock serpents
  8 thrashing horrors
  A holy swine (Abyss:3)
  2 spriggans
  6 hell knights
  19 deep elf knights
  9 naga sharpshooters
  A sun demon (Abyss:2)
  Nergalle (Lair:1)
  3 skeletal warriors
  11 iron trolls
  3 soul eaters
  4 sixfirhies
  7 wretched stars
  2 cherubim (Abyss:3)
  An elf simulacrum (Abyss:1)
  5 goliath frogs
  A sea snake (Lair:5)
  2 shadow wraiths
  A spark wasp zombie (D:15)
  3 death drakes
  43 deep trolls
  2 spatial maelstroms (Abyss:2)
  6 bog bodies
  A spriggan druid (Swamp:2)
  An orange crystal statue (IceCv)
  9 swamp dragons
  An orb spider (shapeshifter) (Vaults:4)
  2 flayed ghosts
  A spriggan simulacrum (Abyss:2)
  A naga ritualist (Snake:4)
  13 deep elf archers
  5 wizards
  2 phantasmal warriors
  2 glowing orange brains
  20 deep elf zephyrmancers
  18 ironbound convokers
  19 lindwurms
  2 shadow demons
  A tengu zombie (D:15)
  12 orc knights
  6 necromancers
  10 mana vipers
  5 harpies
  2 wolf spiders
  3 orc sorcerers (Orc:2)
  26 deep elf pyromancers
  2 manticores
  52 ugly things
  3 worldbinders (Abyss:2)
  9 salamanders
  5 will-o-the-wisps
  7 cyclopes
  18 moths of wrath
  An elephant (Lair:3)
  A frost giant skeleton (D:15)
  A water nymph (Snake:3)
  3 apocalypse crabs
  A water nymph (shapeshifter) (Vaults:4)
  24 vault sentinels
  2 torpor snails
  8 guardian serpents
  24 black mambas
  An orange demon (Abyss:2)
  13 cane toads
  9 smoke demons
  7 naga magi
  4 unseen horrors
  5 rime drakes
  A demonic crawler (Depths:3)
  Psyche (D:10)
  26 yaktaurs
  2 efreet
  A tormentor (Depths:2)
  2 hellions (Abyss:2)
  2 kobold demonologists (D:13)
  A rime drake (shapeshifter) (Vaults:5)
  8 komodo dragons
  32 starcursed masses
  6 freezing wraiths
  2 hellwings (Abyss:2)
  An ice devil (Abyss:2)
  A tengu conjurer (D:15)
  A meliai (Snake:3)
  A silent spectre (Abyss:2)
  A troll (shapeshifter) (Elf:2)
  13 trolls
  6 ancient zymes (Abyss:2)
  13 tyrant leeches
  4 polar bears (Lair:5)
  2 snapping turtles
  A tyrant leech (shapeshifter) (Depths:2)
  A wind drake (Lair:5)
  5 hornets
  25 slime creatures
  26 blink frogs
  14 raiju
  Prince Ribbit (D:7)
  23 large abominations
  A dream sheep (shapeshifter) (Elf:1)
  4 air elementals
  6 flying skulls (Abyss:1)
  7 shadows
  2 jumping spiders
  13 wraiths
  3 wyverns
  6 water elementals
  39 yaks
  A culicivora (Vaults:4)
  2 fire elementals
  4 ynoxinuls
  2 fire bats (Abyss:3)
  A yak (shapeshifter) (Depths:2)
  2 dire elephant simulacra (IceCv)
  A redback (Vaults:3)
  4 basilisks
  2 steam dragons (Lair:5)
  A redback (shapeshifter) (Elf:3)
  7 chaos spawn
  7 neqoxecs
  13 vampire mosquitoes
  12 swamp worms
  Edmund (D:6)
  45 nagas
  A harpy simulacrum (IceCv)
  4 wargs
  A swamp worm (shapeshifter) (Depths:4)
  2 hydra simulacra (IceCv)
  5 hell hounds (Abyss:2)
  5 acid dragons
  9 water moccasins
  A floating eye (shapeshifter) (Abyss:2)
  6 swamp drakes (Swamp:4)
  3 ice beasts
  50 orc warriors
  A sky beast (D:7)
  An ettin simulacrum (IceCv)
  2 black bears
  14 ogres
  26 small abominations
  3 boggarts (Vaults:1)
  6 wolves
  6 centaurs
  2 kobold brigands
  Blork the orc (D:6)
  2 phantoms
  2 gnoll sergeants
  12 bullfrogs
  An earth elemental (Elf:1)
  3 necrophages
  7 scorpions
  10 wights
  6 killer bees
  A floating eye simulacrum (Depths:2)
  A howler monkey (D:7)
  2 crimson imps
  3 quasits
  21 orc priests
  5 iron imps
  2 jellies
  2 gnoll boudas
  2 hounds
  3 iguanas
  22 orc wizards
  A hell rat (Depths:3)
  18 gnolls
  5 adders
  3 white imps
  3 ufetubi
  7 worms
  101 orcs
  4 endoplasms
  4 giant cockroaches
  7 goblins
  13 hobgoblins
  14 kobolds
  2 quokkas
  10 ball pythons
  6 bats
  3 frilled lizards
  11 rats
  A briar patch (Swamp:4)
  A butterfly (Lair:1)
  14 starspawn tentacles (Abyss:2)
2059 creatures vanquished.

Vanquished Creatures (collateral kills)
  2 alligator simulacra (IceCv)
2 creatures vanquished.

Vanquished Creatures (others)
  2 ancient liches (Zot:5)
  A deep elf master archer (Elf:3)
  4 Orb Guardians (Zot:5)
  A storm dragon (Zot:5)
  2 deep elf sorcerers (Elf:3)
  4 deep elf elementalists (Elf:3)
  A very ugly thing (Vaults:2)
  A green draconian (Zot:5)
  2 deep elf demonologists (Elf:3)
  4 deep elf annihilators (Elf:3)
  A bunyip (Swamp:4)
  A vault guard (Vaults:5)
  A dancing weapon (Elf:1)
  A naga sharpshooter (Snake:4)
  A deep elf archer (Elf:3)
  An obsidian statue (Vaults:2)
  4 bloated husks
  A tarantella (shapeshifter) (Vaults:5)
  A small abomination (Abyss:2)
  A fire elemental (Elf:3)
  A neqoxec (D:14)
  A naga (Snake:3)
  A swamp worm (Swamp:3)
  An orc wizard (Snake:4)
  3 orcs
  2 briar patches (Swamp:4)
  28 foxfires
  78 fungi
  A lurking horror (Abyss:2)
  102 plants
  29 starspawn tentacles
  A withered plant (D:15)
283 creatures vanquished.

Grand Total: 2344 creatures vanquished

Notes
Turn   | Place    | Note
-------+----------+-------------------------------------------
     0 | Abyss:1  | sizableburger the Hill Orc Abyssal Knight began the quest
                  | for the Orb.
     0 | Abyss:1  | Reached XP level 1. HP: 19/19 MP: 2/2
     1 | D:1      | Escaped the Abyss
   354 | D:1      | Reached XP level 2. HP: 14/27 MP: 4/4
   501 | D:1      | Found Muxiol's Jewellery Emporium.
   633 | D:1      | Found a faded altar of an unknown god.
  1446 | D:2      | Reached XP level 3. HP: 31/33 MP: 5/5
  1746 | D:2      | Reached *** piety under Lugonu
  2569 | D:3      | Found Sawayjuz's Vocational Training.
  2583 | D:3      | Reached XP level 4. HP: 37/41 MP: 6/6
  2976 | D:3      | Reached skill level 5 in Fighting
  3003 | D:3      | Found a stormy altar of Qazlal.
  3431 | D:4      | Noticed a black bear
  3441 | D:4      | Killed a black bear
  3442 | D:4      | Reached XP level 5. HP: 35/50 MP: 7/7
  3602 | D:4      | Noticed an ogre
  3769 | D:4      | Reached XP level 6. HP: 57/57 MP: 8/8
  3780 | D:4      | Reached **** piety under Lugonu
  3781 | D:4      | Reached skill level 5 in Long Blades
  3901 | D:4      | Reached skill level 1 in Dodging
  4306 | D:5      | Entered Level 5 of the Dungeon
  4306 | D:5      | Noticed an ice beast
  4352 | D:5      | Reached XP level 7. HP: 63/63 MP: 10/10
  4784 | D:5      | Reached skill level 5 in Invocations
  5150 | D:5      | Noticed a moth of wrath
  5152 | D:5      | Found a bloodstained altar of Trog.
  5383 | D:5      | Reached XP level 8. HP: 40/70 MP: 11/11
  6974 | D:6      | Noticed Blork the orc
  7004 | D:6      | Killed Blork the orc
  7219 | D:6      | Noticed Edmund
  7242 | D:6      | Killed Edmund
  7526 | D:6      | Reached XP level 9. HP: 36/75 MP: 6/12
  7854 | D:6      | Found a runed translucent door.
  7855 | D:6      | Noticed Crazy Yiuf
  7951 | D:7      | Reached ***** piety under Lugonu
  7972 | D:7      | Found a radiant altar of Vehumet.
  7973 | D:7      | Found a burning altar of Makhleb.
  8041 | D:7      | Found a staircase to the Ecumenical Temple.
  8115 | Temple   | Entered the Ecumenical Temple
  8134 | Temple   | Reached skill level 10 in Long Blades
  8383 | D:7      | Noticed Prince Ribbit
  8503 | D:7      | Killed Prince Ribbit
  8641 | D:7      | Found an ancient bone altar of Kikubaaqudgha.
  8919 | D:7      | Identified the +6 sling of the World {venom, rElec rF- rN+}
  8921 | D:7      | Found Banyidos's Weapon Shoppe.
  9745 | D:8      | Found the +0 staff of Battle
  9749 | D:8      | Noticed a tengu conjurer
  9751 | D:8      | Banished a tengu conjurer
  9752 | D:8      | Reached XP level 10. HP: 79/83 MP: 6/15
 10211 | D:8      | Found a basalt altar of Yredelemnul.
 11793 | D:9      | Found a staircase to the Lair.
 11794 | D:9      | Noticed a fire dragon
 11803 | D:9      | Banished a fire dragon
 12079 | D:10     | Entered Level 10 of the Dungeon
 12081 | D:10     | Noticed Erica
 12184 | D:10     | Noticed a two-headed ogre
 12375 | D:10     | Reached XP level 11. HP: 43/95 MP: 5/16
 12520 | D:10     | Found a flagged portal.
 12604 | Bailey   | Entered a bailey
 13726 | Bailey   | Identified the +3 arbalest of Dudimemp {freeze, +Blink rF+
                  | Stlth-}
 13727 | Bailey   | Found the +11 plutonium sword {Contam Stlth-}
 13727 | Bailey   | Noticed an orc knight
 13730 | Bailey   | Banished an orc knight
 13785 | D:10     | Reached XP level 12. HP: 87/106 MP: 17/17
 13923 | D:10     | Reached skill level 5 in Armour
 13958 | D:10     | Noticed Psyche
 13972 | D:10     | Killed Erica
 13973 | D:10     | Reached skill level 10 in Fighting
 13997 | D:10     | Killed Psyche
 14059 | D:10     | Banished a two-headed ogre
 14607 | D:10     | Found a snail-covered altar of Cheibriados.
 14607 | D:10     | Found a hazy altar of Hepliaklqana.
 14697 | Lair:1   | Entered Level 1 of the Lair of Beasts
 14698 | Lair:1   | Noticed Fannar
 14721 | Lair:1   | Killed Fannar
 15667 | Lair:1   | Noticed Nergalle
 15677 | Lair:1   | Killed Nergalle
 15678 | Lair:1   | Reached XP level 13. HP: 117/118 MP: 18/18
 15710 | Lair:1   | Reached skill level 5 in Dodging
 15828 | Lair:1   | Found a broken altar of Ashenzari.
 16501 | Lair:2   | Found a staircase to the Snake Pit.
 16522 | Lair:2   | Reached skill level 1 in Evocations
 17431 | Lair:3   | Noticed a frost giant
 17431 | Lair:3   | an alligator snapping turtle changed into a frost giant
 17433 | Lair:3   | Banished a frost giant
 17802 | Lair:3   | Found a staircase to the Swamp.
 19539 | Lair:5   | Entered Level 5 of the Lair of Beasts
 20077 | Lair:5   | Reached XP level 14. HP: 122/127 MP: 21/21
 20170 | Lair:5   | Reached skill level 5 in Evocations
 20583 | Lair:5   | Reached skill level 10 in Invocations
 21599 | Lair:5   | Identified the +2 trident "Mupluol" {flame, Fragile Dex+5
                  | SInv}
 21771 | Lair:5   | Found a staircase to the Slime Pits.
 21778 | Lair:5   | Found a viscous altar of Jiyva.
 22609 | D:11     | Found Hyahash's Armour Emporium.
 22611 | D:11     | Found a staircase to the Orcish Mines.
 22628 | D:11     | Found Gafah's Weapon Emporium.
 23136 | Orc:1    | Entered Level 1 of the Orcish Mines
 23168 | Orc:1    | Found a roughly hewn altar of Beogh.
 23195 | Orc:1    | Reached ****** piety under Lugonu
 23324 | Orc:2    | Entered Level 2 of the Orcish Mines
 23918 | Orc:1    | You are sucked into a shaft and drop 1 floor!
 23918 | Orc:2    | Noticed an orc warlord
 24132 | Orc:1    | Noticed Snorg
 24151 | Orc:1    | Noticed Snorg
 24151 | Orc:1    | Snorg changed into Snorg the jumping spider
 24218 | Orc:1    | Killed Snorg the jumping spider
 25726 | Orc:2    | Found a staircase to the Elven Halls.
 25747 | Orc:2    | Banished an orc warlord
 26246 | Orc:2    | Reached XP level 15. HP: 113/136 MP: 15/23
 26369 | Orc:2    | Reached skill level 10 in Armour
 26709 | Orc:2    | Found Rosiwkiv's Antique Armour Emporium.
 26710 | Orc:2    | Found Wiblean's Antique Weapon Shoppe.
 26712 | Orc:2    | Found Ticam's General Store.
 26712 | Orc:2    | Found Muizis's Jewellery Emporium.
 26958 | Orc:2    | Bought a runed chain mail for 217 gold pieces
 27136 | Orc:2    | Bought a +4 ring of protection for 540 gold pieces
 27340 | Orc:2    | Bought a +2 plate armour of poison resistance for 592 gold
                  | pieces
 27793 | D:12     | Noticed Rudyous's ghost (journeyman MiFi)
 27799 | D:12     | Found a transporter.
 27802 | D:12     | Found a transporter.
 27808 | D:12     | Found a bloodstained altar of Trog.
 28196 | D:12     | Killed Rudyous's ghost
 28757 | D:13     | Noticed Urug
 28772 | D:13     | Killed Urug
 29857 | D:13     | Found a gate to the Vaults.
 31166 | D:14     | Reached skill level 15 in Fighting
 31416 | D:15     | Entered Level 15 of the Dungeon
 31606 | D:15     | Found a staircase to the Depths.
 31645 | D:15     | Reached XP level 16. HP: 92/149 MP: 13/25
 32785 | D:15     | Found Ysun's Book Emporium.
 33075 | D:15     | Found an iron altar of Okawaru.
 33513 | Swamp:1  | Entered Level 1 of the Swamp
 33515 | Swamp:1  | Noticed a thorn hunter
 33869 | Swamp:1  | Banished a thorn hunter
 34447 | Swamp:1  | Identified the ring of Panentheism {rN+++ AC+4 Int-3}
 35443 | D:15     | Bought a manual of Long Blades for 1120 gold pieces
 35888 | Swamp:2  | Noticed Louise
 35893 | Swamp:2  | Banished Louise
 37415 | Swamp:2  | Noticed a thorn hunter
 37424 | Swamp:2  | Killed a thorn hunter
 38282 | Swamp:3  | Reached XP level 17. HP: 87/159 MP: 23/26
 38499 | Swamp:3  | Noticed Nikola
 38503 | Swamp:3  | Noticed Nikola
 38503 | Swamp:3  | Nikola changed into Nikola the golden dragon
 38515 | Swamp:3  | Killed Nikola the golden dragon
 39299 | Swamp:4  | Entered Level 4 of the Swamp
 39981 | Swamp:4  | Identified the +4 war axe "Vojaid" {vorpal, Str+2}
 40195 | Swamp:4  | HP: 2/151 [lindwurm/blast of flame (20)]
 41683 | Swamp:4  | Got a decaying rune of Zot
 42067 | Snake:1  | Entered Level 1 of the Snake Pit
 42084 | Snake:1  | Found a frozen archway.
 42093 | IceCv    | Entered an ice cave
 42108 | IceCv    | Found a transporter.
 42114 | IceCv    | Found a transporter.
 42459 | IceCv    | Identified the +0 plate armour of the Ancient Souls {Will+}
 42685 | Snake:1  | Noticed Josephine
 42694 | Snake:1  | Killed Josephine
 42782 | Snake:1  | Found a transporter.
 42800 | Snake:1  | Noticed Aizul
 43206 | Snake:1  | Noticed Aizul
 43206 | Snake:1  | Aizul changed into Aizul the death yak
 43210 | Snake:1  | Killed Aizul the death yak
 43516 | Snake:1  | Found a transporter.
 43518 | Snake:1  | Found a transporter.
 43529 | Snake:1  | Reached skill level 15 in Invocations
 43578 | Snake:1  | Found a glowing silver altar of Zin.
 43610 | Snake:1  | Found a transporter.
 44149 | Snake:1  | Found a transporter.
 44150 | Snake:1  | Found a transporter.
 44408 | Snake:1  | Gained mutation: You are strong-willed. (Will+) [potion of
                  | mutation]
 44408 | Snake:1  | Gained mutation: You are robust. (+10% HP) [potion of
                  | mutation]
 44479 | Snake:2  | Found Didoecya's Armour Shop.
 44541 | Snake:2  | Reached skill level 15 in Armour
 45770 | Snake:3  | Noticed Vashnia
 45810 | Snake:3  | Killed Vashnia
 45822 | Snake:3  | Reached XP level 18. HP: 50/184 MP: 10/29
 45985 | Snake:3  | HP: 7/185 [naga warrior/+4 mace (13)]
 46650 | Snake:3  | Found a flickering gateway to a bazaar.
 46656 | Bazaar   | Entered a bazaar
 46656 | Bazaar   | Found Olesa's Magic Scroll Shoppe.
 46656 | Bazaar   | Found Enaz's Book Shop.
 47037 | Bazaar   | Found Neoj's General Store.
 47071 | Bazaar   | Found Gaavubru's Antique Weapon Shoppe.
 47076 | Bazaar   | Found Jabunti's Book Boutique.
 47104 | Bazaar   | Bought a scroll of blinking for 127 gold pieces
 47125 | Bazaar   | Bought a scroll of summoning for 104 gold pieces
 47143 | Bazaar   | Bought a scroll of poison for 44 gold pieces
 47160 | Bazaar   | Bought a scroll of poison for 68 gold pieces
 47562 | Snake:3  | Identified the +3 trident of Padig {flame, Fly rN+ Int+4}
 47715 | Snake:3  | Reached skill level 1 in Throwing
 48179 | Snake:4  | Entered Level 4 of the Snake Pit
 48211 | Snake:4  | Noticed Mara
 48217 | Snake:4  | Noticed sizableburger's illusion
 48234 | Snake:4  | Killed Mara
 48411 | Snake:4  | Identified a scroll of acquirement
 48536 | Snake:4  | Acquired the +14 crystal plate armour "Miho" {rN+ Will+
                  | Str+4 Int+4}
 48568 | Snake:4  | Found Veusyf's Distillery.
 49240 | Snake:4  | Identified the +2 mace of Crusades {vorpal, Fly rF+ Dex-2
                  | Stlth+}
 49934 | Snake:4  | Noticed a quicksilver dragon
 49939 | Snake:4  | Noticed a quicksilver dragon
 49944 | Snake:4  | Killed a quicksilver dragon
 49949 | Snake:4  | Killed a quicksilver dragon
 50108 | Snake:4  | Got a serpentine rune of Zot
 50474 | Snake:4  | Noticed Saint Roka
 50500 | Snake:4  | Killed Saint Roka
 51169 | Vaults:1 | Entered Level 1 of the Vaults
 51203 | Vaults:1 | Noticed Zenata
 51431 | Vaults:1 | Killed Zenata
 51432 | Vaults:1 | Reached skill level 5 in Throwing
 51733 | Vaults:1 | Reached XP level 19. HP: 194/199 MP: 28/30
 51741 | Vaults:1 | Found Peshra's Distillery.
 51872 | Vaults:1 | Found Utiojyxt's Antique Armour Boutique.
 53479 | Vaults:1 | You fall into a shaft and drop 1 floor!
 53502 | Vaults:2 | Found Wuank's Antique Armour Shoppe.
 54062 | Vaults:1 | Found Onweoge's Book Shop.
 54150 | Vaults:1 | Found Hepe's Distillery.
 55022 | Vaults:2 | HP: 7/200 [vault warden/bolt (17)]
 55474 | Vaults:2 | Found Iduasopn's Magic Scroll Shoppe.
 56115 | Vaults:2 | Reached skill level 10 in Dodging
 57007 | Vaults:2 | Found a staircase to the Crypt.
 57007 | Vaults:2 | Found a basalt altar of Yredelemnul.
 57008 | Vaults:2 | Found an ancient bone altar of Kikubaaqudgha.
 57058 | Vaults:2 | Found a transporter.
 57070 | Vaults:2 | Found a transporter.
 57852 | Vaults:3 | Reached XP level 20. HP: 164/210 MP: 31/31
 60520 | Vaults:3 | Identified the +2 arbalest of Eblebuh {elec, Fly rF++ rC+
                  | Dex-3}
 60526 | Vaults:3 | Identified the +6 arbalest of Abomination {elec, Str+6
                  | Int+4}
 60823 | Vaults:3 | Noticed Frederick
 60843 | Vaults:3 | Killed Frederick
 61252 | D:3      | Bought a manual of Invocations for 960 gold pieces
 61674 | Vaults:4 | Found Raubiakh's Antique Armour Emporium.
 63530 | Vaults:5 | Entered Level 5 of the Vaults
 63597 | Vaults:5 | Noticed a dread lich
 63598 | Vaults:5 | Corrupted Vaults:5
 63598 | Vaults:5 | Noticed a bone dragon
 64306 | Vaults:4 | Reached XP level 21. HP: 216/217 MP: 34/34
 64384 | Vaults:4 | Killed a dread lich
 65281 | Vaults:5 | Noticed an ancient lich
 65461 | Vaults:4 | Killed an ancient lich
 66207 | Vaults:5 | Noticed a golden dragon
 66340 | Vaults:4 | Killed a golden dragon
 66561 | Vaults:5 | Identified the +2 quarterstaff "Poefiem" {vorpal, rElec
                  | Str+5}
 67566 | Vaults:5 | Identified the +4 plate armour of Midwinter {Will+ MP+9
                  | Str+2}
 67592 | Vaults:5 | Reached XP level 22. HP: 164/225 MP: 37/37
 68169 | Vaults:5 | Noticed a golden dragon
 68189 | Vaults:5 | Killed a golden dragon
 68626 | Vaults:5 | Got the Commentary on the Fetid Lithosphere
 68657 | Vaults:5 | Identified the ring of Dieruhad {MP+9 Str+4}
 68715 | Vaults:5 | Got a silver rune of Zot
 68716 | Vaults:5 | Identified the +7 short sword "Ufiyfuf" {protect, Str+5}
 69753 | Elf:1    | Entered Level 1 of the Elven Halls
 69756 | Elf:1    | Noticed Agnes
 69774 | Orc:2    | Killed Agnes
 69931 | Elf:1    | Paralysed by an air elemental for 1 turns
 69933 | Elf:1    | Paralysed by an air elemental for 1 turns
 70310 | Elf:1    | Found Iphaat's Antique Armour Emporium.
 70641 | Vaults:4 | Bought the +3 pair of gauntlets of War {Slay+5} for 855
                  | gold pieces
 70641 | Vaults:4 | Found the +3 pair of gauntlets of War {Slay+5}
 70934 | Vaults:2 | Corrupted Vaults:2
 70972 | Vaults:2 | Identified the +2 pair of gloves "Uruiptis" {Will- Str+3}
 70992 | Vaults:2 | Identified the ring of Plog {Contam rElec Dex-3 SInv
                  | Stlth+}
 70998 | Vaults:2 | Identified the +7 arbalest of Malaise {elec, rF+ SInv}
 71591 | Elf:1    | Found Siygont's Distillery.
 72352 | Elf:2    | Found Qaxuusm's Book Boutique.
 73496 | Elf:2    | Found Deyx's Self-Improvement Boutique.
 73577 | Elf:2    | Found Athioky's Jewellery Shoppe.
 73676 | Elf:2    | Found a runed translucent gate.
 73677 | Elf:2    | Found a runed translucent gate.
 73677 | Elf:2    | Found a runed translucent gate.
 75104 | Elf:3    | Entered Level 3 of the Elven Halls
 76076 | Elf:3    | Paralysed by an air elemental for 1 turns
 76505 | Elf:3    | Corrupted Elf:3
 76638 | Elf:3    | Identified the +1 chain mail of Elyvilon's Approval {Str+3}
 77020 | Elf:3    | Identified the +6 flail "Hozen" {spect, Str+4 SInv}
 77099 | Elf:3    | Identified the +6 trident of Raytt {vorpal, Fly rF+ Str+3
                  | Int+4}
 77109 | Elf:3    | Got the Atlas of Vexing Unholy Arts
 77126 | Elf:3    | Got the Tome of the Mortuary
 77130 | Elf:3    | Identified the +2 helmet of the Catfish {Contam rF++ rC+++
                  | Regen+}
 77497 | Depths:1 | Entered Level 1 of the Depths
 77672 | Depths:1 | Found a runed translucent door.
 77673 | Depths:1 | Found a shimmering altar of Xom.
 77673 | Depths:1 | Noticed Leon's ghost (adept MiFi)
 77726 | Depths:1 | Reached XP level 23. HP: 210/245 MP: 38/38
 78100 | Depths:1 | Found a one-way gate to the infinite horrors of the Abyss.
 78126 | Depths:1 | Found Purch's General Store.
 78461 | Depths:1 | Noticed Rupert
 78486 | Depths:1 | Killed Rupert
 78817 | Depths:1 | Found a gateway to Hell.
 79282 | Depths:1 | Killed Leon's ghost
 79285 | Depths:1 | Identified the +7 rapier of the Head {elec, *Noise +Blink
                  | Str+4}
 79401 | Depths:2 | Noticed a juggernaut
 79408 | Depths:2 | Noticed a golden dragon
 79418 | Depths:2 | Killed a juggernaut
 79437 | Depths:2 | Killed a golden dragon
 79455 | Depths:2 | Noticed a golden dragon
 79472 | Depths:2 | Killed a golden dragon
 80002 | Depths:2 | Noticed a caustic shrike
 80010 | Depths:2 | Killed a caustic shrike
 80281 | Depths:2 | Found a one-way gate leading to the halls of Pandemonium.
 80422 | Depths:2 | Reached XP level 24. HP: 264/264 MP: 38/38
 80530 | Depths:2 | You fall into a shaft and drop 2 floors!
 80530 | Depths:4 | Entered Level 4 of the Depths
 81115 | Depths:3 | Voluntarily entered the Abyss.
 81214 | Abyss:1  | Killed Louise
 81531 | Abyss:1  | Gained mutation: You sometimes lose your temper in combat.
                  | [a neqoxec]
 81557 | Abyss:2  | Found a corrupted altar of Lugonu.
 81560 | Abyss:2  | Found a corrupted altar of Lugonu.
 81980 | Abyss:2  | Gained mutation: You have supernaturally acute eyesight.
                  | (SInv) [a neqoxec]
 82084 | Abyss:2  | Found a corrupted altar of Lugonu.
 82107 | Abyss:2  | Paralysed by accursed screaming for 1 turns
 82888 | Abyss:2  | Gained mutation: Your body sometimes deteriorates upon
                  | taking damage. [a neqoxec]
 83155 | Abyss:2  | Found a corrupted altar of Lugonu.
 83643 | Abyss:2  | Paralysed by you for 3 turns
 83671 | Abyss:2  | Reached skill level 27 in Long Blades
 83702 | Abyss:2  | Found a corrupted altar of Lugonu.
 83803 | Abyss:2  | Reached XP level 25. HP: 273/273 MP: 38/38
 84086 | Abyss:2  | Gained mutation: Your spells are a little easier to cast,
                  | but a little less powerful. [a neqoxec]
 84263 | Abyss:3  | Found a glowing golden altar of the Shining One.
 84323 | Abyss:3  | Noticed a juggernaut
 84329 | Abyss:3  | a juggernaut changed into a quicksilver dragon
 84344 | Abyss:3  | Got an abyssal rune of Zot
 84551 | Depths:3 | Escaped the Abyss
 84681 | Depths:4 | Lost mutation: You are strong-willed. (Will+) [potion of
                  | mutation]
 84681 | Depths:4 | Lost mutation: You sometimes lose your temper in combat.
                  | [potion of mutation]
 84681 | Depths:4 | Lost mutation: Your body sometimes deteriorates upon taking
                  | damage. [potion of mutation]
 84681 | Depths:4 | Gained mutation: Your spells are easier to cast, but less
                  | powerful. [potion of mutation]
 84681 | Depths:4 | Gained mutation: You passively map a small area around you.
                  | [potion of mutation]
 84712 | Depths:4 | Lost mutation: Your spells are easier to cast, but less
                  | powerful. [potion of mutation]
 84712 | Depths:4 | Lost mutation: You passively map a small area around you.
                  | [potion of mutation]
 84712 | Depths:4 | Gained mutation: You are dopey. (Int -2) [potion of
                  | mutation]
 84713 | Depths:4 | Lost mutation: Your spells are a little easier to cast, but
                  | a little less powerful. [potion of mutation]
 84713 | Depths:4 | Lost mutation: You are dopey. (Int -2) [potion of mutation]
 84713 | Depths:4 | Gained mutation: Your spells are a little harder to cast,
                  | but a little more powerful. [potion of mutation]
 84713 | Depths:4 | Gained mutation: You are weak. (Str -2) [potion of
                  | mutation]
 84713 | Depths:4 | Gained mutation: You do not regenerate when monsters are
                  | visible. [potion of mutation]
 84714 | Depths:4 | Lost mutation: You are robust. (+10% HP) [potion of
                  | mutation]
 84714 | Depths:4 | Lost mutation: You have supernaturally acute eyesight.
                  | (SInv) [potion of mutation]
 84714 | Depths:4 | Gained mutation: You have hidden genetic potential. [potion
                  | of mutation]
 84714 | Depths:4 | Gained mutation: Your magical capacity is low. (-10% MP)
                  | [potion of mutation]
 84714 | Depths:4 | Gained mutation: Your mind is acute. (Int +4, Str/Dex -1)
                  | [potion of mutation]
 84714 | Depths:4 | Gained mutation: You are partially covered in large bone
                  | plates. (SH +4) [potion of mutation]
 85300 | Depths:4 | Found a gate to the Realm of Zot.
 85447 | Depths:4 | Found a runed translucent gate.
 85447 | Depths:4 | Found a runed translucent gate.
 85447 | Depths:4 | Found a runed translucent gate.
 85513 | Depths:4 | Identified the +8 demon whip of Tidwur {distort, +Blink
                  | rN++ rCorr Str-3}
 85537 | Depths:4 | Noticed Vv
 85574 | Depths:4 | Killed Vv
 86230 | Depths:4 | Identified the +1 robe of Unambiguity {rN+ Str+3}
 86470 | Depths:2 | Learned a level 1 spell: Apportation
 86550 | Zot:1    | Entered Level 1 of the Realm of Zot
 86651 | Zot:1    | Lost mutation: Your mind is acute. (Int +4, Str/Dex -1)
                  | [potion of mutation]
 86651 | Zot:1    | Lost mutation: You are partially covered in large bone
                  | plates. (SH +4) [potion of mutation]
 86651 | Zot:1    | Lost mutation: You have hidden genetic potential. [potion
                  | of mutation]
 86651 | Zot:1    | Gained mutation: Your movements are slightly less
                  | encumbered by armour. (ER -2) [potion of mutation]
 86651 | Zot:1    | Lost mutation: Your spells are a little harder to cast, but
                  | a little more powerful. [potion of mutation]
 86652 | Zot:1    | Lost mutation: Your magical capacity is low. (-10% MP)
                  | [potion of mutation]
 86652 | Zot:1    | Lost mutation: Your movements are slightly less encumbered
                  | by armour. (ER -2) [potion of mutation]
 86652 | Zot:1    | Gained mutation: You expend magic power (3 MP) to
                  | strengthen your wands. [potion of mutation]
 86652 | Zot:1    | Gained mutation: Armour fits poorly on your strangely
                  | shaped body. [potion of mutation]
 86652 | Zot:1    | Gained mutation: You are clumsy. (Dex -2) [potion of
                  | mutation]
 86652 | Zot:1    | Gained mutation: You have sharp toenails. [potion of
                  | mutation]
 86653 | Zot:1    | Lost mutation: You are weak. (Str -2) [potion of mutation]
 86653 | Zot:1    | Lost mutation: Armour fits poorly on your strangely shaped
                  | body. [potion of mutation]
 86653 | Zot:1    | Gained mutation: You are frail. (-10% HP) [potion of
                  | mutation]
 86653 | Zot:1    | Gained mutation: You have a pair of small horns on your
                  | head. [potion of mutation]
 86653 | Zot:1    | Gained mutation: You are strong-willed. (Will+) [potion of
                  | mutation]
 86657 | Depths:4 | Lost mutation: You are frail. (-10% HP) [potion of
                  | mutation]
 86657 | Depths:4 | Lost mutation: You are clumsy. (Dex -2) [potion of
                  | mutation]
 86657 | Depths:4 | Lost mutation: You do not regenerate when monsters are
                  | visible. [potion of mutation]
 86657 | Depths:4 | Gained mutation: You have sharp fingernails. [potion of
                  | mutation]
 86658 | Depths:4 | Lost mutation: You expend magic power (3 MP) to strengthen
                  | your wands. [potion of mutation]
 86658 | Depths:4 | Lost mutation: You are strong-willed. (Will+) [potion of
                  | mutation]
 86658 | Depths:4 | Lost mutation: You have a pair of small horns on your head.
                  | [potion of mutation]
 86658 | Depths:4 | Gained mutation: Your muscles are strong. (Str +4, Int/Dex
                  | -1) [potion of mutation]
 86658 | Depths:4 | Gained mutation: You have a pair of small horns on your
                  | head. [potion of mutation]
 86658 | Depths:4 | Gained mutation: You possess an exceptional clarity of
                  | mind. [potion of mutation]
 86659 | Depths:4 | Lost mutation: You have sharp toenails. [potion of
                  | mutation]
 86659 | Depths:4 | Lost mutation: Your muscles are strong. (Str +4, Int/Dex
                  | -1) [potion of mutation]
 86659 | Depths:4 | Lost mutation: You have a pair of small horns on your head.
                  | [potion of mutation]
 86659 | Depths:4 | Gained mutation: You are weak. (Str -2) [potion of
                  | mutation]
 86659 | Depths:4 | Gained mutation: Your flesh is cold resistant. (rC+)
                  | [potion of mutation]
 86660 | Depths:4 | Lost mutation: You possess an exceptional clarity of mind.
                  | [potion of mutation]
 86660 | Depths:4 | Lost mutation: You are weak. (Str -2) [potion of mutation]
 86660 | Depths:4 | Gained mutation: You expend magic power (3 MP) to
                  | strengthen your wands. [potion of mutation]
 86660 | Depths:4 | Gained mutation: Your spells are a little harder to cast,
                  | but a little more powerful. [potion of mutation]
 86668 | Zot:1    | Gained mutation: You occasionally lose the ability to drink
                  | potions when taking damage. [mutagenic glow]
 86750 | Zot:1    | Reached skill level 1 in Translocations
 86755 | Zot:1    | Reached skill level 1 in Spellcasting
 87067 | Zot:1    | Reached skill level 27 in Fighting
 87257 | Zot:1    | Identified the +4 ring mail "Etwibiphu" {rElec}
 87271 | Zot:1    | Got Puibyet's Atlas of Incandescent Frostbite
 87322 | Zot:1    | Reached XP level 26. HP: 20/266 MP: 16/39
 88534 | Elf:2    | Bought a manual of Dodging for 1680 gold pieces
 90017 | Zot:2    | Reached skill level 5 in Translocations
 90397 | Zot:3    | Reached skill level 5 in Spellcasting
 91032 | Zot:3    | Identified the +4 hand axe of Buuffov {freeze, rC+}
 92023 | Zot:5    | Entered Level 5 of the Realm of Zot
 92493 | Zot:5    | Corrupted Zot:5
 92557 | Zot:5    | Killed an ancient lich
 92560 | Zot:5    | Killed an ancient lich
 92584 | Zot:5    | Noticed an orb of fire
 92586 | Zot:5    | Noticed a Killer Klown
 92589 | Zot:5    | Noticed a Killer Klown
 92597 | Zot:5    | Killed a Killer Klown
 92612 | Zot:5    | Noticed a Killer Klown
 92634 | Zot:5    | Gained mutation: Armour fits poorly on your strangely
                  | shaped body. [an orb of fire]
 92639 | Zot:5    | Gained mutation: You are weak. (Str -2) [an orb of fire]
 92643 | Zot:5    | Killed an orb of fire
 92667 | Zot:5    | Killed a Killer Klown
 92670 | Zot:5    | Killed a Killer Klown
 92896 | Zot:5    | Lost mutation: Your flesh is cold resistant. (rC+) [potion
                  | of mutation]
 92896 | Zot:5    | Lost mutation: You are weak. (Str -2) [potion of mutation]
 92896 | Zot:5    | Lost mutation: Your spells are a little harder to cast, but
                  | a little more powerful. [potion of mutation]
 92896 | Zot:5    | Gained mutation: You passively dampen the noise of your
                  | surroundings. [potion of mutation]
 93302 | Snake:4  | Bought a potion of mutation for 128 gold pieces
 93302 | Snake:4  | Bought a potion of mutation for 128 gold pieces
 93302 | Snake:4  | Lost mutation: You occasionally lose the ability to drink
                  | potions when taking damage. [potion of mutation]
 93302 | Snake:4  | Lost mutation: Armour fits poorly on your strangely shaped
                  | body. [potion of mutation]
 93824 | Zot:5    | Noticed a Killer Klown
 93845 | Zot:5    | Killed a Killer Klown
 93890 | Zot:5    | Noticed a Killer Klown
 93897 | Zot:5    | Noticed a Killer Klown
 93920 | Zot:5    | Killed a Killer Klown
 93939 | Zot:5    | Killed a Killer Klown
 93961 | Zot:5    | Noticed an orb of fire
 93967 | Zot:5    | Noticed a Killer Klown
 93978 | Zot:5    | Noticed a Killer Klown
 93979 | Zot:5    | Gained mutation: You occasionally lose the ability to read
                  | scrolls when taking damage. [an orb of fire]
 93979 | Zot:5    | Gained mutation: You are dopey. (Int -2) [an orb of fire]
 93980 | Zot:5    | Gained mutation: Your magical capacity is low. (-10% MP)
                  | [an orb of fire]
 93993 | Zot:5    | Gained mutation: You are weak. (Str -2) [an orb of fire]
 94251 | Zot:4    | Lost mutation: You occasionally lose the ability to read
                  | scrolls when taking damage. [an orb of fire]
 94259 | Zot:4    | Killed an orb of fire
 94283 | Zot:5    | Killed a Killer Klown
 94289 | Zot:5    | Killed a Killer Klown
 94359 | Zot:5    | Reached XP level 27. HP: 248/273 MP: 35/35
 94381 | Zot:5    | Lost mutation: You are dopey. (Int -2) [potion of mutation]
 94381 | Zot:5    | Lost mutation: Your magical capacity is low. (-10% MP)
                  | [potion of mutation]
 94381 | Zot:5    | Lost mutation: You have sharp fingernails. [potion of
                  | mutation]
 94381 | Zot:5    | Gained mutation: You do not regenerate when monsters are
                  | visible. [potion of mutation]
 94381 | Zot:5    | Gained mutation: You have an increased reservoir of magic.
                  | (+10% MP) [potion of mutation]
 94465 | Abyss:3  | HP: 4/273 [poisoned by a Killer Klown]
 94504 | Zot:5    | Escaped the Abyss
 94506 | Zot:5    | Got the Orb of Zot
 94738 | Depths:3 | Noticed Lusif the pandemonium lord
 94800 | Depths:3 | Escaped the Abyss
 94947 | D:14     | Noticed Homunwaevi the pandemonium lord
 94950 | D:13     | HP: 11/273 [poisoned by a green death (poison arrow)]
 94956 | D:13     | Slain by Homunwaevi the pandemonium lord

Illustrated notes

Levels and vault maps discovered:
D:1:      psy_arrival_basics, layout_basic,
          shapermc_ecumenical_altar_mp_ritualfount, serial_shops,
          shop_fountains, minmay_misc_feat_tiny, chequers_serial_rivers_micro_c,
          minmay_stone_trees_medium
D:2:      layout_basic, chequers_serial_rivers_micro_d
D:3:      layout_basic, nicolae_qazlal_eye_of_the_storm, nicolae_shop_vocational
D:4:      layout_cave_pools, hangedman_abyss_or_decor_slice,
          minmay_misc_feat_iff, hangedman_abyss_or_decor_stagger
D:5:      layout_gridville, tgw_trog, kennysheep_boxes
D:6:      layout_rooms, serial_bayou_lake_a, uniq_edmund,
          uniq_crazy_yiuf_cottage, uniq_blork_the_orc
D:7:      cheibrodos_iron_armory, layout_basic, lemuel_crystal_altar,
          grunt_temple_overflow_lords_of_destruction,
          minmay_temple_entry_antechambers, serial_shops, nicolae_shop_crystal,
          uniq_prince_ribbit1, uniq_duvessa
D:8:      layout_cave_pools, marbit_many_paths, minmay_misc_feat_diagonals,
          hellmonk_guarded_unrand_staff_of_battle
D:9:      layout_basic, minmay_lair_entry_lava
D:10:     layout_cave_pools, gammafunk_temple_overflow_wave, enter_bailey_4,
          st_stairs_12, uniq_erica, uniq_psyche
D:11:     layout_long_grid, orc_david_3
D:12:     layout_cave_pools, gammafunk_ghost_wrathful_warriors
D:13:     layout_loops_ring, skrybe_vaults_entry_preservation, uniq_urug
D:14:     layout_roguey, minmay_misc_feat_ornament
D:15:     gammafunk_depths_entry_grave, layout_rooms, serial_shops, shop,
          hangedman_abyss_or_decor_passed, kennysheep_okawaru_gauntlet
Temple:   eino_temple_lava
Lair:1:   layout_gridlike, basic_altar, lemuel_fruit_fields, uniq_nergalle,
          uniq_fannar
Lair:2:   layout_regular_city, guppyfry_snake_entry_island
Lair:3:   layout_regular_city, swamp_mist
Lair:4:   layout_regular_city
Lair:5:   gammafunk_lair_ancient_temple, layout_cellular_growth,
          dpeg_slime_entry_corner, nicolae_lair_run_with_the_wolves,
          lemuel_fruit_tree
Swamp:1:  layout_basic_swamp, evilmike_swamp_ruin_house_3, swamp_pool1,
          nicolae_swamp_wisp_ring_woods
Swamp:2:  layout_basic_swamp, evilmike_swamp_ruin_house_1, uniq_louise
Swamp:3:  layout_basic_swamp, serial_swamp_ruin, evilmike_swamp_ruin_wall,
          evilmike_swamp_ruin_rubble_2, uniq_nikola
Swamp:4:  swamp_alternative, layout_basic_swamp
Snake:1:  layout_gridlike, basic_altar, portal_ice_cave_entry_pillars_three,
          serial_nicolae_subway, nicolae_sub_station_metal,
          nicolae_sub_station_stone, nicolae_sub_station_crystal,
          uniq_josephine, uniq_aizul
Snake:2:  layout_gridlike, serial_shops, shop_statue
Snake:3:  layout_cave_town, serial_shops, bzr_entry_dummy, uniq_vashnia
Snake:4:  hellmonk_snake_rune_quicksilver_temple, layout_cave_town,
          serial_shops, nicolae_diamond_shop, st_stairs_6,
          nicolae_snake_squiggles, drop_trap, grunt_megastairs_3, uniq_mara,
          uniq_saint_roka
Orc:1:    layout_caves, basic_altar, uniq_snorg
Orc:2:    st_orc_congregation, layout_caves
Elf:1:    minmay_elf_arrival_plus, layout_geoelf_octagon, serial_shops, shop,
          shop_fountains, minivault_28, uniq_agnes
Elf:2:    nicolae_elf_blades_crystal_corner, layout_onion_city, serial_shops,
          nicolae_shop_hallway_stairs, nicolae_take_the_stairs,
          nicolae_shop_self_help
Elf:3:    minmay_elf_hall_quartered_circle, layout_geoelf_grid
Vaults:1: nicolae_vaults_three_branches, vaults_room_stairs_pillars,
          nicolae_vaults_little_squares_3, nicolae_vaults_shelves_hall,
          vaults_standard_mumra_enter_the_diamond, vaults_standard_mumra_lines,
          nicolae_vaults_border_crossing, layout_vaults_omnigrid, serial_shops,
          shop, nicolae_shop_advertising_works [nicolae_subvault_shop_adworks],
          shop, nicolae_square_shop, uniq_zenata
Vaults:2: v_misc_27, minmay_crypt_entry_necro_gods, hangedman_vaults_nails,
          vaults_mumra_minichess_inversion, gammafunk_sealed_arena,
          nicolae_vaults_what_the_h, vaults_room_mumra_shop_pool,
          ontoclasm_vaults_pinch, nicolae_vaults_alarming, grunt_vaults_funnel,
          layout_vaults_ring, serial_shops, shop_statue
Vaults:3: nicolae_vaults_mini_display_case, nicolae_vaults_network_quinsquares
          [nicolae_vaults_network_quincunx_subvault,
          nicolae_vaults_network_quincunx_subvault,
          nicolae_vaults_network_quincunx_subvault,
          nicolae_vaults_network_quincunx_subvault],
          hangedman_vaults_restitches, grunt_vaults_funneled_arena, v_misc_1,
          v_misc_30, nicolae_vaults_yaktaur_gun_rack, v_misc_23, serial_ice_b,
          vaults_dpeg_encased_lava, vaults_room_door_ring,
          hangedman_vaults_impose, nicolae_vaults_little_squares_6,
          layout_vaults_big_cross, uniq_frederick
Vaults:4: nicolae_vaults_display_case, vaults_room_large_hall,
          hangedman_vaults_stretched_pinwheel, vaults_dpeg_cross, v_misc_22,
          ontoclasm_vaults_gateway, hangedman_vaults_cutoff,
          layout_vaults_chaotic_city, serial_shops, nicolae_shop_crystal,
          serial_glass
Vaults:5: serial_shops
Depths:1: minmay_angry_zag, layout_gridlike, lightli_too_deep,
          ebering_ghost_xom, abyss_entry, sword_in_stone, minmay_shop_star,
          nicolae_triple_integral
Depths:2: minmay_crescents, layout_cave_shapes, rand_demon_pan_entry_9,
          pf_hell_entry_tar_river, minmay_staircase_windowed_large
Depths:3: kennysheep_oblong_rooms, layout_twisted_cross, enter_ziggurat_f,
          grunt_pan_entry_spiral, abyss_entry, hell_entry, grunt_ministairs_4,
          minmay_shoptagon, infiniplex_staircase_star
Depths:4: grunt_zot_entry_tricorne, layout_honeycomb, hell_entry, abyss_entry,
          minmay_misc_feat_pillars, st_stairs_3, reono_crystal_passage,
          pandoras_box_mu, uniq_vv
Zot:1:    layout_cathedral_of_symmetry
Zot:2:    layout_basic, hangedman_zot_spectrum, uniq_parghit
Zot:3:    layout_cathedral_of_symmetry, st_small_dragon_hoard_1
Zot:4:    layout_gridlike, skrybe_zot_glass_1, grunt_megastairs_2
Zot:5:    layout_misc_corridors

Skill      XL: |  1  2  3  4  5  6  7  8  9 10 11 12 13 14 15 16 17 18 19 20 21 22 23 24 25 26 27 |
---------------+----------------------------------------------------------------------------------+-----
Fighting       | 4 5 6 8 9 12 13 15 16 18 19 22 24 25 27 | 27.0
Long Blades    | 3 4 5 6 9 12 13 16 17 18 21 22 23 24 25 27 | 27.0
Invocations    | 4 5 6 9 10 12 15 18 22 24 | 24.0
Dodging        | 1 3 4 6 7 8 10 11 12 13 14 | 14.8
Armour         | 4 8 9 11 13 15 16 17 18 19 21 23 24 | 24.0
Evocations     | 4 7 8 |  8.6
Throwing       | 5 8 |  8.2
Translocations | 3 8 9 |  9.0
Spellcasting   | 3 7 8 |  8.2

Action                   |  1- 3 |  4- 6 |  7- 9 | 10-12 | 13-15 | 16-18 | 19-21 | 22-24 | 25-27 || total
-------------------------+-------+-------+-------+-------+-------+-------+-------+-------+-------++-------
Melee: Falchion          |   133 |   154 |    73 |       |       |       |       |       |       ||   360
       Punch             |     1 |     4 |     5 |       |       |       |       |       |       ||    10
       Scimitar          |       |       |   478 |       |       |       |       |       |       ||   478
       Great sword       |       |       |     1 |   235 |       |       |       |       |       ||   236
       Triple sword      |       |       |       |   151 |  1109 |  1416 |  1571 |  2002 |  1434 ||  7683
Throw: Javelin           |       |       |       |       |       |       |     1 |       |     4 ||     5
Invok: Banish            |       |       |     2 |     4 |    20 |    24 |    37 |     4 |     7 ||    98
       Bend Space        |       |       |       |       |     3 |     6 |     2 |       |     1 ||    12
       Corrupt           |       |       |       |       |       |       |     1 |     2 |     1 ||     4
       Depart the Abyss  |       |       |       |       |       |       |       |       |     2 ||     2
       Enter the Abyss   |       |       |       |       |       |       |       |       |     2 ||     2
Evoke: Wand              |       |       |       |     1 |       |     5 |     2 |     1 |     2 ||    11
       Phantom mirror    |       |       |       |       |       |     2 |       |       |     1 ||     3
  Use: Scroll            |     7 |     3 |     7 |    16 |    16 |    12 |    14 |     3 |     7 ||    85
       Potion            |       |     1 |     2 |     5 |     2 |    22 |    10 |     1 |    34 ||    77
 Stab: Distracted        |       |       |     1 |       |       |       |       |     1 |       ||     2
       Invisible         |       |       |       |     1 |       |       |       |       |       ||     1
       Paralysed         |       |       |       |       |       |     2 |     3 |       |       ||     5
       Petrified         |       |       |       |       |       |       |       |    10 |       ||    10
       Petrifying        |       |       |       |       |       |       |       |     1 |       ||     1
Armor: Ring mail         |    29 |       |       |       |       |       |       |       |       ||    29
       Scale mail        |     7 |    59 |   186 |   134 |   301 |       |       |       |       ||   687
       Plate armour      |       |       |       |       |   224 |   943 |       |       |       ||  1167
       Ice dragon scales |       |       |       |       |       |    41 |       |       |       ||    41
       Crystal plate arm |       |       |       |       |       |   210 |  1556 |  1507 |  1567 ||  4840
Dodge: Dodged            |   110 |   111 |   393 |   379 |   881 |   961 |  1139 |  1349 |  1355 ||  6678
Block: Other             |       |       |       |       |       |       |       |       |    69 ||    69
